 Dungeon Crawl Stone Soup version 0.30-a0-122-g2a1322497e (webtiles) character file.

Game seed: 12166676565151113649

54 Iusername the Covered (level 4, 0/35 HPs)
             Began as a Human Fighter on Sept 16, 2022.
             Slain by a goblin
             ... wielding a +0 club
             ... led by Robin
              (5 damage)
             ... on level 3 of the Dungeon.
             The game lasted 00:02:22 (1578 turns).

Iusername the Covered (Human Fighter)               Turns: 1578, Time: 00:02:23

Health: 0/35       AC:  6    Str: 24    XL:     4   Next: 12%
Magic:  4/4        EV:  9    Int:  8    God:
Gold:   80         SH:  4    Dex: 13    Spells: 3/3 levels left

rFire   + . .      SeeInvis .    a - +0 trident
rCold   + . .      Faith    .    c - +0 buckler
rNeg    . . .      Spirit   .    b - +0 scale mail
rPois   +          Reflect  .    (no helmet)
rElec   +          Harm     .    (no cloak)
rCorr   +          Rampage  .    (no gloves)
Will    .....                    (no boots)
Stlth   ..........               (no amulet)
HPRegen 0.11/turn                m - +6 ring of strength
MPRegen 0.09/turn                (no ring)

@: mighty, lethally poisoned (0 -> -5), resistant
A: no striking features
a: no special abilities


You were on level 3 of the Dungeon.
You visited 1 branch of the dungeon, and saw 3 of its levels.

You collected 80 gold pieces.

Inventory:

Hand Weapons
 a - a +0 trident (weapon)
Armour
 b - a +0 scale mail (worn)
 c - a +0 buckler (worn)
Jewellery
 k - a +6 ring of intelligence
 l - an amulet of the acrobat
 m - a +6 ring of strength (left hand)
 n - a ring of magical power
Scrolls
 f - a scroll of butterflies {unknown}
 g - a scroll of teleportation {unknown}
 o - a scroll of fear {unknown}
Potions
 d - a potion of might
 e - 2 potions of curing {unknown}
 h - 2 potions of resistance
 i - 2 potions of haste {unknown}
 j - a potion of heal wounds {unknown}
 p - a potion of magic {unknown}
 q - a potion of attraction {unknown}
 r - a potion of lignification {unknown}


   Skills:
 + Level 3.4 Fighting
 + Level 2.8 Polearms
 + Level 3.5 Armour
 + Level 3.3 Shields


You had 3 spell levels left.
You didn't know any spells.
Your spell library was empty.

Dungeon Overview and Level Annotations

Branches:
Dungeon (3/15)

Altars:
Sif Muna

Annotations:
D:3 Robin


Message History

m - a +6 ring of strength (left hand) Robin roars a battlecry!
The goblins go into a battle-frenzy!
The hobgoblin hits you but does no damage.
You puncture the hobgoblin!
You kill the hobgoblin!
Robin throws the goblin at you!
A hobgoblin comes into view.
The goblin hits you with a +0 club.
You closely miss the goblin. The goblin hits you with a +0 club.
The hobgoblin closely misses you.
A goblin comes into view. It is wielding a +0 club.
You barely miss the hobgoblin.
The goblin shouts!
The hobgoblin barely misses you. The goblin hits you but does no damage.
The hobgoblin hits you. The goblin hits you with a +0 club.
You puncture the hobgoblin!
You kill the hobgoblin!
A goblin comes into view. It is wielding a +0 club.
The goblin hits you with a +0 club.
You puncture the goblin!
You kill the goblin!
Robin roars a battlecry!
The goblin goes into a battle-frenzy!
The goblin barely misses you.
You closely miss the adder. The adder barely misses you.
The goblin hits you but does no damage. The adder closely misses you.
You miss the adder. Robin throws the goblin at you! The adder bites you.
You are poisoned.
The adder poisons you! The goblin hits you with a +0 club.
The goblin hits you but does no damage. The goblin closely misses you.
The adder closely misses you. The goblin hits you with a +0 club.
* * * LOW HITPOINT WARNING * * *
It was a potion of resistance.
You feel protected.
* * * LOW HITPOINT WARNING * * *
You feel sick. The adder bites you but does no damage.
A hobgoblin comes into view.
The goblin hits you with a +0 club.
You die...

#.# #..#### #.#
#.# #..# #.#
#.#### #..# #..
#....# #..#
####.# #..####
#####.# #.....#
.....)# ##.##.#
####..#
####†##g######..
...#..#
#......g@Sgggggg
##.#..#
#.##########g#.#
#....# #.#
###..###.#
#......#
#.###..#.#
#.....##.#
#.###.##.#
#...##..


You could see Robin, an adder, 3 hobgoblins and 5 goblins.

Vanquished Creatures
  An adder (D:2)
  A worm (D:2)
  A dart slug (D:2)
  7 endoplasms
  4 goblins
  5 hobgoblins
  2 jackals (D:1)
  5 kobolds
  A quokka (D:1)
  5 ball pythons (D:1)
  A bat (D:1)
  A frilled lizard (D:3)
  3 rats
37 creatures vanquished.

Notes
Turn   | Place    | Note
-------+----------+-------------------------------------------
     0 | D:1      | Iusername the Human Fighter began the quest for the Orb.
     0 | D:1      | Reached XP level 1. HP: 18/18 MP: 1/1
   188 | D:1      | Reached XP level 2. HP: 24/24 MP: 2/2
   552 | D:1      | Reached XP level 3. HP: 28/29 MP: 3/3
   680 | D:1      | Found a faded altar of an unknown god.
  1251 | D:2      | Found a shimmering blue altar of Sif Muna.
  1457 | D:3      | Reached XP level 4. HP: 35/35 MP: 4/4
  1568 | D:3      | Noticed Robin
  1578 | D:3      | Slain by a goblin

Illustrated notes

Levels and vault maps discovered:
D:1:      dpeg_arrival_round_c, layout_rooms, dreamdust_ecumenical_altar_grove,
          minmay_pentomino_r2
D:2:      layout_loops_ring, basic_altar
D:3:      layout_loops_ring, serial_shops, nicolae_shop_crystal,
          minmay_quantized, uniq_robin

Action                   |  1- 3 |  4- 6 || total
-------------------------+-------+-------++-------
Melee: Trident           |    95 |    19 ||   114
  Use: Potion            |       |     2 ||     2
Armor: Scale mail        |    36 |    10 ||    46
Dodge: Dodged            |    32 |    11 ||    43
Block: Buckler           |    23 |       ||    23

Table legend: (Time is in decaauts)
 A = Elapsed time spent in this place.
 B = Non-inter-level travel time spent in this place.
 C = Inter-level travel time spent in this place.
 D = Time resting spent in this place.
 E = Time spent auto-exploring this place.
 F = Levels seen in this place.
 G = Mean time per level.
                   A        B        C        D        E       F      G
               +--------+--------+--------+--------+--------+-----+--------+
         Total |   1603 |   1541 |     62 |      0 |   1255 |   3 |  534.3 |
       Dungeon |   1603 |   1541 |     62 |      0 |   1255 |   3 |  534.3 |
               +--------+--------+--------+--------+--------+-----+--------+

Top non-repeatable levels by time:
     D:1: 766 daAuts
     D:2: 652 daAuts
     D:3: 183 daAuts
